 Dungeon Crawl Stone Soup version 0.30-a0-368-g86fb4627a9 (webtiles) character file.

Game seed: 2347403088787755040

280471 sanka the Stormcaller (level 19, -5/160 HPs)
             Began as a Pale Draconian Reaver on Nov 19, 2022.
             Was the Champion of Vehumet.
             Killed from afar by a war gargoyle (39 damage)
             ... with a spray of metal splinters
             ... on level 1 of the Vaults.
             The game lasted 02:05:38 (41897 turns).

sanka the Stormcaller (Pale Draconian Reaver)      Turns: 41897, Time: 02:05:39

Health: -5/160     AC: 13    Str: 15    XL:     19   Next: 68%
Magic:  7/39       EV: 20    Int: 30    God:    Vehumet [******]
Gold:   2338       SH:  7    Dex: 19    Spells: 6/50 levels left

rFire   + . .      SeeInvis .    b - staff of conjuration {!a}
rCold   + . .      Faith    .    p - +1 buckler {rC+}
rNeg    . . .      Spirit   .    (body armour unavailable)
rPois   +          Reflect  .    h - +0 hat "Azaf" {+Blink rElec rF+ Int+2}
rElec   +          Harm     .    T - +2 cloak {rCorr}
rCorr   +          Rampage  .    F - +2 pair of gloves
Will    ++...                    Q - +0 pair of boots
Stlth   ++........               J - amulet "Tuhus" {rPois Regen+}
HPRegen 1.26/turn                W - ring of the Quahog {Int+4 Dex+6 Slay+4}
MPRegen 0.26/turn                t - ring "Xittena" {Will+ Int+6}

@: corroded, studying Transmutations
A: breathe steam, AC +10, unfitting armour, cold-blooded, steam resistance
}: 2/15 runes: decaying, serpentine
a: Breathe Steam, Renounce Religion, Evoke Blink


You were on level 1 of the Vaults.
You worshipped Vehumet.
Vehumet was exalted by your worship.
You visited 7 branches of the dungeon, and saw 32 of its levels.
You also visited: Gauntlet, Ice Cave and Volcano.

You collected 4375 gold pieces.
You spent 2037 gold pieces at shops.


Innate Abilities, Weirdness & Mutations

You can breathe blasts of scalding, opaque steam.
Your pale cyan-grey scales are hard. (AC +10)
You cannot fit into any form of body armour.
You are cold-blooded and may be slowed by cold attacks.
You are immune to the effects of steam.


   Skills:
 - Level 12.0 Fighting
 - Level 3.0 Long Blades
 - Level 16.0 Maces & Flails
 - Level 12.0 Dodging
 - Level 5.0 Shields
 - Level 16.0 Spellcasting
 + Level 14.6 Conjurations
 - Level 2.0 Necromancy
 - Level 2.0 Translocations
 - Level 1.0 Ice Magic
 - Level 20.6 Air Magic
 - Level 6.0 Evocations


You had 6 spell levels left.
You knew the following spells:

 Your Spells              Type           Power      Damage    Failure   Level
i - Maxwell's Capacitive  Air            49%        ∞         1%          8
s - Swiftness             Air            99%        N/A       0%          3
u - Vhi's Electric Charg  Tloc/Air       100%       N/A       1%          3
x - Lightning Bolt        Conj/Air       57%        1d79      1%          5
y - Arcjolt               Conj/Air       57%        1d67      1%          5
z - Airstrike             Air            49%        2d(8-24)  0%          4
C - Freezing Cloud        Conj/Ice/Air   49%        6-21      1%          5
V - Conjure Ball Lightni  Conj/Air       57%        3x3d21    1%          6
X - Iskenderun's Battles  Conj           100%       2d15      1%          5

Your spell library contained the following spells:

 Spells                   Type           Power      Damage    Failure   Level
 Lehudib's Crystal Spear  Conj/Erth      40%        10d10     86%         8
 Polar Vortex             Ice            15%        N/A       100%        9
 Shock                    Conj/Air       100%       1d9       0%          1
 Static Discharge         Conj/Air       100%       2-7/arc   0%          2
 Apportation              Tloc           72%        N/A       1%          1
 Kiss of Death            Conj/Necr      100%       2d13      1%          1
 Blink                    Tloc           72%        N/A       1%          2
 Momentum Strike          Conj/Tloc      100%       3d10      1%          2
 Poisonous Vapours        Pois/Air       100%       N/A       1%          2
 Scorch                   Fire           48%        2d7       1%          2
 Hailstorm                Conj/Ice       82%        3d17      1%          3
 Ignite Poison            Fire/Tmut/Pois 24%        N/A       1%          3
 Kindle Blastsparks       Fire/Tloc/Air  100%       2d18      1%          3
 Mephitic Cloud           Conj/Pois/Air  96%        N/A       1%          3
 Flame Wave               Conj/Fire      80%        2d17      1%          4
 Sticky Flame             Conj/Fire      80%        2d9       1%          4
 Slow                     Hex            96%        N/A       2%          1
 Summon Small Mammal      Summ           96%        N/A       2%          1
 Gell's Gravitas          Tloc           36%        N/A       3%          3
 Lesser Beckoning         Tloc           72%        N/A       3%          3
 Teleport Other           Tloc           36%        N/A       3%          3
 Vampiric Draining        Necr           36%        2d8       3%          3
 Confusing Touch          Hex            24%        N/A       7%          3
 Summon Guardian Golem    Hex/Summ       24%        N/A       7%          3
 Anguish                  Hex/Necr       15%        N/A       16%         4
 Yara's Violent Unravell  Hex/Tmut       12%        3d7       17%         5
 Ice Form                 Ice/Tmut       27%        N/A       19%         4
 Petrify                  Tmut/Erth      24%        N/A       24%         4
 Metabolic Englaciation   Hex/Ice        13%        N/A       47%         5
 Alistair's Intoxication  Tmut/Pois      16%        N/A       54%         5
 Simulacrum               Ice/Necr       16%        N/A       89%         6
 Statue Form              Tmut/Erth      16%        N/A       98%         6
 Summon Cactus Giant      Summ           12%        N/A       98%         6
 Chain Lightning          Conj/Air       57%        3d76      41%         9
 Enfeeble                 Hex            12%        N/A       100%        7
 Discord                  Hex            12%        N/A       100%        8
 Disjunction              Tloc           18%        N/A       100%        8
 Ignition                 Fire           12%        3d6       100%        8
 Fire Storm               Conj/Fire      40%        8d10      100%        9
 Shatter                  Erth           12%        3d13*     100%        9

Inventory:

Hand Weapons
 a - the +10 morningstar "Eos" {elec, Halo rElec}

   It occasionally discharges a powerful burst of electricity upon striking a
   foe.
   It grants its wielder a halo, revealing invisible creatures and increasing
   accuracy against all within it other than the wielder.
   rElec:     It insulates you from electricity.
 u - a +0 dagger of distortion
 w - a +9 spectral demon whip
Missiles
 C - a throwing net {=f}
 E - 10 curare-tipped darts {=f}
Armour
 h - the +0 hat "Azaf" (worn) {+Blink rElec rF+ Int+2}

   Int:       It affects your intelligence (+2).
   rF:        It protects you from fire.
   rElec:     It insulates you from electricity.
   +Blink:    It lets you blink.
 p - a +1 buckler of cold resistance (worn)
 F - a +2 pair of gloves (worn)
 Q - a +0 pair of boots (worn)
 T - a +2 cloak of preservation (worn)
Magical Staves
 b - a staff of conjuration (weapon) {!a}
Jewellery
 t - the ring "Xittena" (right hand) {Will+ Int+6}

   [ring of intelligence]

   Int:       It affects your intelligence (+6).
   Will:      It increases your willpower.
 I - the ring of Riagiyni {Fly rF++ Int-4 SInv Stlth+}

   [ring of see invisible]

   Int:       It affects your intelligence (-4).
   rF:        It greatly protects you from fire.
   SInv:      It lets you see invisible.
   Fly:       It grants you flight.
   Stlth:     It makes you more stealthy.
 J - the amulet "Tuhus" (around neck) {rPois Regen+}

   [amulet of regeneration]

   rPois:     It protects you from poison.
   Regen:     It increases your rate of health regeneration.
 W - the ring of the Quahog (left hand) {Int+4 Dex+6 Slay+4}

   [ring of slaying]

   Int:       It affects your intelligence (+4).
   Dex:       It affects your dexterity (+6).
   Slay:      It affects your accuracy & damage with ranged weapons and melee
   (+4).
Wands
 n - a wand of polymorph (8)
 q - a wand of charming (19)
 x - a wand of light (23)
 A - a wand of flame (8)
 B - a wand of mindburst (10)
 G - a wand of digging (18)
 P - a wand of roots (29)
Scrolls
 d - 3 scrolls of magic mapping
 j - 5 scrolls of immolation {!r}
 k - 4 scrolls of fear
 l - 2 scrolls of fog
 m - 7 scrolls of poison {!r}
 r - 3 scrolls of vulnerability {!r}
 s - 16 scrolls of teleportation {@r4}
 y - 2 scrolls of blinking
 L - 3 scrolls of torment {!r}
 S - 10 scrolls of noise {!r}
 V - a scroll of summoning
 X - 4 scrolls of silence {!r}
Potions
 c - 14 potions of curing {@q1}
 e - 12 potions of lignification {!q}
 f - 8 potions of heal wounds {@q2}
 g - 3 potions of cancellation
 i - 11 potions of haste {@q3}
 o - 5 potions of ambrosia
 v - 2 potions of flight
 z - 4 potions of mutation {!q}
 D - 8 potions of brilliance
 N - 5 potions of magic
 O - 5 potions of might
 R - 6 potions of attraction {!q}
Miscellaneous
 H - a tin of tremorstones (2/2)

Dungeon Overview and Level Annotations

Branches:
Dungeon (15/15)            Temple (1/1) D:6            Lair (5/5) D:9
  Swamp (4/4) Lair:2        Snake (4/4) Lair:3        Slime (0/5) Lair:4
    Orc (2/2) D:12            Elf (0/3) Orc:2        Vaults (1/5) D:14
 Depths (0/4) D:15          IceCv (visited)         Volcano (visited)
Gauntlet (visited)

Altars:
Ashenzari
Cheibriados
Dithmenos
Elyvilon
Fedhas
Gozag
Hepliaklqana
Kikubaaqudgha
Makhleb
Nemelex Xobeh
Okawaru
Qazlal
Ru
Sif Muna
Trog
Uskayaw
Vehumet
Wu Jian
Xom
Yredelemnul
Zin
The Shining One
Jiyva

Shops:
Orc:2 ![*::   Vaults:1 !

Portals:
Pandemonium: Orc:2

Annotations:
Lair:4 2 transporters, NigelTetley's ghost, journeyman OpTm

▒......▒ ▒......▒ ▒......▒
▒......▒ ▒......▒ ▒......▒
▒.........▒......▒
+.........▒......▒
▒.........▒cQd...▒
▒.........▒.8e...▒
▒.........▒.)....▒
▒.........▒..e...▒
▒.........▒......▒
▒.........▒......▒
▒.........▒...?..▒▒▒▒▒▒▒▒▒▒▒▒▒
▒.........'...................
▒...p..e..▒.........).........


You could see a tengu reaver, a yaktaur captain, a deep elf death mage, a deep
elf sorcerer (fast, strong, resistant) and a war gargoyle (catching breath).


Message History

Vehumet accepts your kill.
You block the deep elf sorcerer's attack.
Unknown command.
Electricity surges outward!
The deep elf sorcerer completely resists.
The deep elf sorcerer closely misses you.
A war gargoyle comes into view.
It is wielding a +0 morningstar of draining.
A tengu reaver comes into view.
It is wielding a +2 war axe and wearing a +0 buckler of protection.
A yaktaur captain comes into view.
The deep elf sorcerer hits you with a +0 battleaxe of freezing!
* * * LOW HITPOINT WARNING * * *
The deep elf sorcerer freezes you.
* * * LOW HITPOINT WARNING * * *
A deep elf death mage and a phantasmal warrior come into view.
The deep elf death mage is wielding a +1 vorpal long sword.
Electricity surges outward!
The tengu reaver is severely wounded.
The war gargoyle resists.
The war gargoyle is moderately damaged.
The deep elf sorcerer resists.
The deep elf sorcerer is severely wounded.
The yaktaur captain is moderately wounded.
You kill the ironbound convoker!
Vehumet accepts your kill.
The deep elf death mage is severely wounded.
You destroy the phantasmal warrior!
Vehumet accepts your kill.
The war gargoyle launches metal splinters at you.
The spray of metal splinters hits you!!!
You die...

Action                   |  1- 3 |  4- 6 |  7- 9 | 10-12 | 13-15 | 16-18 | 19-21 || total
-------------------------+-------+-------+-------+-------+-------+-------+-------++-------
Melee: Falchion          |   186 |   143 |       |       |       |       |       ||   329
       Tailslap          |     6 |    21 |    30 |    89 |   261 |   200 |    48 ||   655
       Punch             |       |     1 |     3 |    10 |    19 |       |       ||    33
       Morningstar       |       |    36 |   231 |   447 |  1114 |   790 |   169 ||  2787
       Demon whip        |       |       |       |       |    59 |       |       ||    59
       Staff             |       |       |       |       |       |       |     1 ||     1
 Cast: Momentum Strike   |     8 |    15 |       |       |       |       |       ||    23
       Arcjolt           |       |       |       |       |    82 |   233 |    81 ||   396
       Airstrike         |       |       |       |       |     4 |       |       ||     4
       Freezing Cloud    |       |       |       |       |     4 |     3 |     3 ||    10
       Lightning Bolt    |       |       |       |       |     3 |     7 |       ||    10
       Vhi's Electric Ch |       |       |       |       |       |     2 |       ||     2
       Iskenderun's Batt |       |       |       |       |       |     2 |     2 ||     4
       Conjure Ball Ligh |       |       |       |       |       |     1 |       ||     1
       Maxwell's Capacit |       |       |       |       |       |     3 |       ||     3
 Abil: Breathe Steam     |       |       |       |       |     1 |       |       ||     1
Evoke: Wand              |       |       |     1 |     5 |     2 |     2 |       ||    10
  Use: Scroll            |       |     2 |    11 |     8 |    21 |     2 |     5 ||    49
       Potion            |       |     1 |     2 |     3 |     2 |     5 |     3 ||    16
 Stab: Distracted        |       |       |       |     2 |     2 |       |       ||     4
       Invisible         |       |       |       |     2 |     3 |       |       ||     5
Armor: Skin              |    59 |    54 |    58 |   118 |   311 |   284 |    65 ||   949
Dodge: Dodged            |   128 |   117 |   147 |   308 |   948 |   806 |   133 ||  2587
Block: Buckler           |       |       |       |       |    10 |   262 |    66 ||   338

Levels and vault maps discovered:
D:1:      dpeg_arrival_stonehenge_8_columns, layout_basic,
          hellmonk_ecumenical_altar_inner_sanctum, st_stairs_4, nicolae_titane
D:2:      layout_loops_ring, chequers_serial_rivers_micro_d
D:3:      cheibrodos_thug_alley, layout_basic, mainiacjoe_overflow_tiny_flanked,
          nicolae_yredelemnul_corpse_copse, chequers_serial_rivers_room_b,
          uniq_robin
D:4:      layout_basic, mainiacjoe_overflow_small_starburst,
          kennysheep_orc_chapel, uniq_edmund
D:5:      minmay_spotlight, layout_basic, uniq_sigmund
D:6:      layout_basic, general_overflow_altar, mainiacjoe_overflow_alcove_4,
          minmay_temple_entry_gardened_gates, water_boxes_lemuel
D:7:      layout_rooms
D:8:      layout_basic, zin_treasury, chequers_serial_rivers_small_3,
          minmay_misc_feat_square
D:9:      layout_loops_corners, erik_lair_orcish_takeover, serial_glass,
          glass_columns_a, glass_columns_a
D:10:     layout_loops_ring
D:11:     layout_gridville, nicolae_straight_to_the_point
D:12:     lemuel_vampire_tower, layout_long_grid, david_orc_3
D:13:     layout_roguey, serial_ice, serial_ice_f, serial_ice_d, serial_ice_o,
          serial_ice_g, portal_ice_cave_entry_ice_simulacra
D:14:     layout_cross, grunt_vaults_entry_tiered, serial_park_avenue1
D:15:     grunt_enter_depths_hoard, layout_rooms, bh_walls_and_bars
Temple:   nicolae_temple_superstar
Lair:1:   layout_hall_layers, basic_altar, grunt_megastairs_3
Lair:2:   layout_hall_layers, palyth_hydra_swamp_entry,
          nicolae_volcano_entry_two_sided
Lair:3:   layout_gridlike, minmay_snake_entry_guardpost_small
Lair:4:   layout_roguey [special_room_bee], dpeg_slime_entry_enclosed,
          gauntlet_entry_generic, gammafunk_ghost_hive
Lair:5:   minmay_lair_end_frog_pond, layout_loops_ring, eino_house_with_fridge,
          uniq_sonja, uniq_rupert
Swamp:1:  layout_basic_swamp, nicolae_swamp_round_clearing
Swamp:2:  nzn_winding_woodlands_medium [nzn_winding_woodlands_5x5_checkerboard,
          nzn_winding_woodlands_5x15_twine, nzn_winding_woodlands_5x5_cross,
          nzn_winding_woodlands_5x5_open_star,
          nzn_winding_woodlands_center_pierced_h,
          nzn_winding_woodlands_5x5_default,
          nzn_winding_woodlands_5x5_perimeter,
          nzn_winding_woodlands_5x15_sidewinder,
          nzn_winding_woodlands_hourglass], layout_falls_marsh,
          nicolae_swamp_little_tower, swamp_pool3
Swamp:3:  cheibrodos_swamp_heart_of_darkness, layout_falls_marsh,
          hangedman_swamp_ruin_wall, swamp_pool3, nicolae_swamp_soggy_hallways,
          uniq_mlioglotl, uniq_jorgrun
Swamp:4:  swamp_vile, layout_basic_swamp
Snake:1:  layout_cave_shapes, basic_altar, ebering_ghost_rock_garden
Snake:2:  layout_onion_interference, grunt_ministairs_2
Snake:3:  layout_onion
Snake:4:  minmay_snake_end_coiled, layout_chambers, uniq_donald, uniq_louise
Orc:1:    layout_caves, uniq_maurice
Orc:2:    pf_orc_diabolical, layout_caves, basic_altar, serial_shops,
          nicolae_shop_behind_doors, uniq_snorg
Vaults:1: st_greater_box_1, hangedman_vaults_nails, v_misc_9,
          vaults_room_semicircle, v_misc_33, vaults_mumra_hex, v_misc_16,
          v_misc_8, ontoclasm_vaults_misaligned, dpeg_vaults_monster_box,
          layout_vaults_big_room, serial_shops, nicolae_shop_waterfront

Notes
Turn   | Place    | Note
-------+----------+-------------------------------------------
     0 | D:1      | sanka the Draconian Reaver began the quest for the Orb.
     0 | D:1      | Reached XP level 1. HP: 17/17 MP: 3/3
   142 | D:1      | Reached skill level 1 in Necromancy
   191 | D:1      | Reached XP level 2. HP: 21/24 MP: 5/5
   206 | D:1      | Learned a level 2 spell: Momentum Strike
   270 | D:1      | Found a faded altar of an unknown god.
   593 | D:1      | Reached XP level 3. HP: 29/29 MP: 6/6
   907 | D:1      | Prayed at the altar of an unknown god.
   907 | D:1      | Became a worshipper of Elyvilon the Healer
   907 | D:1      | Reached * piety under Elyvilon
   979 | D:2      | Reached skill level 2 in Necromancy
  1403 | D:2      | HP: 2/29 [goblin/+0 flail (7)]
  1406 | D:2      | Reached skill level 4 in Conjurations
  2117 | D:2      | Reached skill level 1 in Translocations
  2178 | D:3      | Reached XP level 4. HP: 16/36 MP: 5/7
  2404 | D:3      | Reached ** piety under Elyvilon
  2408 | D:3      | Found a basalt altar of Yredelemnul.
  2427 | D:3      | Reached skill level 2 in Translocations
  2453 | D:3      | Noticed Robin
  2460 | D:3      | Reached XP level 5. HP: 39/41 MP: 8/8
  2469 | D:3      | HP: 3/41 [iguana (9)]
  2713 | D:3      | Killed Robin
  2975 | D:3      | Reached skill level 5 in Conjurations
  3342 | D:3      | Found a sparkling altar of Nemelex Xobeh.
  3539 | D:4      | Found the +10 morningstar "Eos" {elec, Halo rElec}
  3600 | D:4      | Reached *** piety under Elyvilon
  3632 | D:4      | Noticed Edmund
  3637 | D:4      | Reached skill level 6 in Conjurations
  3637 | D:4      | Reached XP level 6. HP: 45/48 MP: 9/9
  3661 | D:4      | Killed Edmund
  3662 | D:4      | Reached skill level 2 in Maces & Flails
  3763 | D:4      | Reached skill level 3 in Maces & Flails
  3771 | D:4      | Your scales start taking on a pale cyan-grey colour.
  3771 | D:4      | Reached XP level 7. HP: 54/55 MP: 10/10
  3771 | D:4      | Gained mutation: You are immune to the effects of steam.
                  | [Pale Draconian growth]
  3869 | D:4      | Reached skill level 4 in Maces & Flails
  4085 | D:4      | Found a blossoming altar of Fedhas.
  4344 | D:5      | Entered Level 5 of the Dungeon
  4542 | D:5      | Noticed Sigmund
  4561 | D:5      | Killed Sigmund
  4562 | D:5      | Reached skill level 5 in Maces & Flails
  4774 | D:5      | Reached skill level 6 in Maces & Flails
  4986 | D:5      | Reached XP level 8. HP: 59/61 MP: 11/11
  4996 | D:5      | Reached skill level 7 in Maces & Flails
  5111 | D:5      | Reached **** piety under Elyvilon
  5354 | D:6      | Found a staircase to the Ecumenical Temple.
  5392 | D:6      | Reached skill level 8 in Maces & Flails
  5620 | D:6      | Found an ornate altar of the Wu Jian Council.
  5627 | D:6      | Reached skill level 9 in Maces & Flails
  5754 | Temple   | Entered the Ecumenical Temple
  5863 | Temple   | Fell from the grace of Elyvilon
  5863 | Temple   | Became a worshipper of Vehumet
  5964 | D:6      | Found a shimmering blue altar of Sif Muna.
  6669 | D:7      | Reached skill level 10 in Maces & Flails
  6669 | D:7      | Reached XP level 9. HP: 29/64 MP: 12/12
  6684 | D:7      | Reached skill level 2 in Dodging
  6689 | D:7      | Reached skill level 3 in Fighting
  6718 | D:6      | Reached * piety under Vehumet
  6718 | D:6      | Offered knowledge of Freeze by Vehumet.
  6934 | D:7      | Reached skill level 3 in Dodging
  6945 | D:7      | Reached skill level 4 in Fighting
  7167 | D:8      | Reached skill level 4 in Dodging
  7185 | D:8      | Reached skill level 5 in Fighting
  7294 | D:8      | Identified +0 steam dragon scales
  7701 | D:7      | Reached skill level 6 in Fighting
  7860 | D:8      | Found a glowing silver altar of Zin.
  7889 | D:8      | Reached skill level 5 in Dodging
  7902 | D:8      | Reached ** piety under Vehumet
  7902 | D:8      | Offered knowledge of Magic Dart by Vehumet.
  8285 | D:9      | Noticed a boulder beetle
  8303 | D:9      | Killed a boulder beetle
  8304 | D:9      | Reached skill level 6 in Dodging
  8304 | D:9      | Reached XP level 10. HP: 49/83 MP: 13/13
  8877 | D:9      | Reached skill level 11 in Maces & Flails
  9016 | D:9      | Found a staircase to the Lair.
  9067 | D:9      | Offered knowledge of Mephitic Cloud by Vehumet.
  9822 | D:10     | Entered Level 10 of the Dungeon
  9911 | D:10     | Reached skill level 12 in Maces & Flails
 10191 | D:10     | Identified the amulet "Tuhus" {rPois Regen+}
 10253 | D:10     | Identified +0 acid dragon scales
 10306 | D:10     | Reached *** piety under Vehumet
 10566 | D:10     | Reached skill level 13 in Maces & Flails
 10663 | D:10     | Identified the +3 arbalest of Uskayaw's Outrage {penet,
                  | rCorr}
 10784 | D:11     | Identified the +0 robe "Ural Vahe" {rCorr Str-5 Int+8 SInv}
 10810 | D:11     | Got the Grimoire of Companions and Changing
 10961 | D:11     | Offered knowledge of Dazzling Flash by Vehumet.
 11214 | D:11     | Reached XP level 11. HP: 89/89 MP: 14/14
 11345 | D:11     | Reached skill level 14 in Maces & Flails
 11613 | Lair:1   | Entered Level 1 of the Lair of Beasts
 11793 | Lair:1   | Reached **** piety under Vehumet
 11919 | Lair:1   | Found a glowing golden altar of the Shining One.
 12281 | Lair:2   | Found a dark tunnel.
 12324 | Volcano  | Entered a volcano
 12350 | Volcano  | Noticed a fire dragon
 12363 | Volcano  | Killed a fire dragon
 12364 | Volcano  | Reached skill level 15 in Maces & Flails
 12508 | Volcano  | Noticed a lindwurm
 12516 | Volcano  | Killed a lindwurm
 12519 | Volcano  | Identified +0 steam dragon scales
 12521 | Volcano  | Offered knowledge of Iskenderun's Battlesphere by Vehumet.
 12608 | Volcano  | Identified +0 steam dragon scales
 12764 | Lair:2   | Reached skill level 16 in Maces & Flails
 12829 | Lair:2   | Noticed a five-headed hydra
 12833 | Lair:2   | Noticed an eight-headed hydra
 12838 | Lair:2   | HP: 6/91 [swamp worm/harpoon shot (18)]
 13154 | Lair:2   | Reached skill level 7 in Fighting
 13154 | Lair:2   | Reached XP level 12. HP: 86/100 MP: 15/15
 13246 | Lair:2   | Reached skill level 7 in Dodging
 13496 | Lair:2   | Killed an eight-headed hydra
 13607 | Lair:2   | Found a staircase to the Swamp.
 13703 | Lair:2   | Reached skill level 8 in Fighting
 13875 | Lair:2   | Killed a five-headed hydra
 13925 | Lair:2   | Found a staircase to the Swamp.
 14241 | Lair:2   | Learned a level 5 spell: Iskenderun's Battlesphere
 14309 | Lair:3   | Noticed a death yak
 14309 | Lair:3   | Noticed a death yak
 14310 | Lair:3   | Noticed a death yak
 14310 | Lair:3   | Noticed a death yak
 14310 | Lair:3   | Noticed a death yak
 14312 | Lair:3   | Noticed a death yak
 14327 | Lair:2   | Killed a death yak
 14328 | Lair:2   | Reached skill level 8 in Dodging
 14422 | Lair:3   | Found a staircase to the Snake Pit.
 14435 | Lair:3   | Reached skill level 9 in Fighting
 14590 | Lair:3   | Killed a death yak
 14591 | Lair:3   | Reached skill level 10 in Fighting
 14591 | Lair:3   | Reached skill level 9 in Dodging
 14652 | Lair:3   | Noticed an eight-headed hydra
 14673 | Lair:2   | Killed a death yak
 14674 | Lair:2   | HP: 8/106 [death yak (21)]
 14679 | Lair:2   | Killed a death yak
 14679 | Lair:2   | Reached ***** piety under Vehumet
 14833 | Lair:3   | Noticed a death yak
 14854 | Lair:3   | Killed a death yak
 14906 | Lair:3   | Killed an eight-headed hydra
 15003 | Lair:3   | Killed a death yak
 15011 | Lair:3   | Killed a death yak
 15012 | Lair:3   | Reached XP level 13. HP: 82/115 MP: 16/16
 15240 | Lair:3   | Reached skill level 11 in Fighting
 15285 | Lair:3   | Reached skill level 10 in Dodging
 15286 | Lair:3   | Offered knowledge of Iskenderun's Mystic Blast by Vehumet.
 15868 | Lair:4   | Found a gate leading to a gauntlet.
 15875 | Lair:4   | Reached skill level 12 in Fighting
 15897 | Gauntlet | Entered a Gauntlet
 15897 | Gauntlet | Found a transporter.
 15897 | Gauntlet | Found a transporter.
 15904 | Gauntlet | Found a transporter.
 15908 | Gauntlet | Noticed a cacodemon
 15916 | Gauntlet | Found a transporter.
 15922 | Gauntlet | Found a transporter.
 15922 | Gauntlet | Found a transporter.
 15926 | Gauntlet | Found a transporter.
 15938 | Gauntlet | Found a transporter.
 15944 | Gauntlet | Found a transporter.
 15988 | Gauntlet | Found a transporter.
 15996 | Gauntlet | Found a transporter.
 16009 | Gauntlet | Found a transporter.
 16054 | Gauntlet | Found a transporter.
 16068 | Gauntlet | Found a transporter.
 16173 | Gauntlet | Found a transporter.
 16187 | Gauntlet | Found a transporter.
 16641 | Gauntlet | Reached skill level 1 in Evocations
 16674 | Gauntlet | Identified the +1 robe "Wuxogehi" {Will+ Dex+5}
 16701 | Gauntlet | Reached skill level 2 in Evocations
 16710 | Gauntlet | Reached skill level 3 in Evocations
 16718 | Gauntlet | Reached skill level 4 in Evocations
 16764 | Gauntlet | Identified the ring "Xittena" {Will+ Int+6}
 16779 | Gauntlet | Reached skill level 5 in Evocations
 16919 | Gauntlet | Noticed a minotaur
 16927 | Gauntlet | Killed a minotaur
 16928 | Gauntlet | Reached skill level 6 in Evocations
 17216 | Lair:4   | Reached skill level 11 in Dodging
 17509 | Lair:4   | Found a viscous altar of Jiyva.
 17509 | Lair:4   | Found a staircase to the Slime Pits.
 17630 | Lair:4   | Noticed NigelTetley's ghost (journeyman OpTm)
 17641 | Lair:4   | Found a transporter.
 17644 | Lair:4   | Found a transporter.
 17965 | Lair:5   | Entered Level 5 of the Lair of Beasts
 18180 | Lair:5   | Reached skill level 12 in Dodging
 18214 | Lair:4   | Reached skill level 1 in Air Magic
 18214 | Lair:4   | Reached XP level 14. HP: 83/126 MP: 17/17
 18306 | Lair:5   | Noticed Rupert
 18453 | Lair:5   | Reached skill level 2 in Air Magic
 18464 | Lair:5   | Reached skill level 3 in Air Magic
 18498 | Lair:4   | Offered knowledge of Freezing Cloud by Vehumet.
 18524 | Lair:4   | Learned a level 5 spell: Freezing Cloud
 18664 | Lair:5   | Reached skill level 4 in Air Magic
 18670 | Lair:5   | Reached skill level 7 in Conjurations
 18697 | Lair:5   | Reached skill level 5 in Air Magic
 18903 | Lair:5   | Noticed Sonja
 18993 | Lair:5   | Killed Sonja
 18994 | Lair:5   | Reached skill level 1 in Ice Magic
 19150 | Lair:5   | Learned a level 4 spell: Airstrike
 19151 | Lair:5   | Reached skill level 6 in Air Magic
 19157 | Lair:5   | Learned a level 3 spell: Swiftness
 19179 | Lair:5   | Paralysed by Rupert for 3 turns
 19326 | Lair:5   | Killed Rupert
 19327 | Lair:5   | Reached skill level 8 in Conjurations
 19578 | Lair:5   | Identified the +1 robe of the Four Writhing Yaks {rN+
                  | Int+6}
 19711 | Lair:5   | Reached skill level 3 in Spellcasting
 19725 | Lair:5   | Reached skill level 4 in Spellcasting
 20167 | Lair:5   | Learned a level 5 spell: Arcjolt
 20426 | D:12     | Reached skill level 5 in Spellcasting
 20427 | D:12     | Offered knowledge of Starburst by Vehumet.
 20651 | D:12     | Reached skill level 6 in Spellcasting
 20913 | D:12     | Reached skill level 7 in Spellcasting
 21121 | D:12     | Found an ancient bone altar of Kikubaaqudgha.
 21169 | D:12     | Learned a level 3 spell: Vhi's Electric Charge
 21234 | D:12     | Reached XP level 15. HP: 87/132 MP: 26/26
 21248 | D:12     | Reached skill level 7 in Air Magic
 21458 | D:12     | Found a staircase to the Orcish Mines.
 21496 | D:12     | Offered knowledge of Orb of Destruction by Vehumet.
 21534 | D:12     | Identified the +0 robe "Binighon" {rPois}
 21818 | Orc:1    | Entered Level 1 of the Orcish Mines
 22015 | Orc:1    | Noticed Maurice
 22029 | Orc:1    | Killed Maurice
 22362 | Orc:2    | Entered Level 2 of the Orcish Mines
 22416 | Orc:2    | Reached skill level 9 in Conjurations
 22440 | Orc:2    | Reached skill level 8 in Spellcasting
 22457 | Orc:2    | Found a staircase to the Elven Halls.
 22531 | Orc:2    | Found Hyusat's Book Boutique.
 22614 | Orc:1    | Learned a level 5 spell: Lightning Bolt
 22773 | Orc:2    | Offered knowledge of Fireball by Vehumet.
 23020 | Orc:2    | Reached skill level 8 in Air Magic
 23100 | Orc:2    | Found Immuuth's General Store.
 23108 | Orc:2    | Found Gutire's Distillery.
 23130 | Orc:2    | Reached ****** piety under Vehumet
 23386 | Orc:2    | Noticed Snorg
 23395 | Orc:2    | Killed Snorg
 23803 | Orc:2    | Reached skill level 10 in Conjurations
 23803 | Orc:2    | Reached skill level 9 in Air Magic
 23937 | Orc:2    | Found Yxzog's Book Shop.
 23937 | Orc:2    | Found Mofal's Antique Armour Boutique.
 23937 | Orc:2    | Found a one-way gate leading to the halls of Pandemonium.
 24156 | Orc:2    | Bought a manual of Air Magic for 880 gold pieces
 24208 | Orc:2    | Bought Maxwell's Memoranda for 570 gold pieces
 24240 | Orc:2    | Bought a scroll of blinking for 112 gold pieces
 24242 | Orc:2    | Bought a potion of heal wounds for 55 gold pieces
 24242 | Orc:2    | Bought a potion of heal wounds for 55 gold pieces
 24242 | Orc:2    | Bought a potion of haste for 110 gold pieces
 24376 | D:13     | Found a frozen archway.
 24441 | IceCv    | Entered an ice cave
 24777 | IceCv    | Identified 2 scrolls of acquirement
 24818 | IceCv    | Offered knowledge of Iron Shot by Vehumet.
 24904 | IceCv    | Reached skill level 10 in Air Magic
 24992 | IceCv    | Identified the ring of Riagiyni {Fly rF++ Int-4 SInv
                  | Stlth+}
 24998 | IceCv    | Identified a +2 robe of resistance
 25817 | D:13     | Acquired the ring of the Quahog {Int+4 Dex+6 Slay+4}
 25828 | D:13     | Acquired the +0 hat "Azaf" {+Blink rElec rF+ Int+2}
 26343 | D:14     | Reached skill level 11 in Air Magic
 26367 | D:14     | Reached skill level 11 in Conjurations
 26370 | D:14     | Reached skill level 1 in Shields
 26370 | D:14     | Reached skill level 9 in Spellcasting
 26489 | D:14     | Offered knowledge of Conjure Ball Lightning by Vehumet.
 26747 | D:14     | Reached XP level 16. HP: 139/139 MP: 29/29
 26781 | D:14     | Found a gate to the Vaults.
 26784 | D:14     | Reached skill level 10 in Spellcasting
 26983 | D:15     | Entered Level 15 of the Dungeon
 27237 | D:15     | Identified +0 ice dragon scales
 27238 | D:15     | Reached skill level 11 in Spellcasting
 27266 | D:15     | Found a staircase to the Depths.
 27779 | D:15     | Learned a level 6 spell: Conjure Ball Lightning
 27996 | Snake:1  | Entered Level 1 of the Snake Pit
 28017 | Snake:1  | Reached skill level 12 in Spellcasting
 28052 | Snake:1  | Found a bloodstained altar of Trog.
 28115 | Snake:1  | Found a runed translucent gate.
 28116 | Snake:1  | Found a runed translucent gate.
 28116 | Snake:1  | Noticed ouz's ghost (journeyman DECj)
 28147 | Snake:1  | Reached skill level 12 in Air Magic
 28435 | Snake:1  | Found a runed translucent gate.
 28447 | Snake:1  | Killed ouz's ghost
 28532 | Snake:1  | Reached skill level 13 in Air Magic
 29467 | Snake:2  | Reached skill level 14 in Air Magic
 29810 | Snake:2  | Offered knowledge of Lehudib's Crystal Spear by Vehumet.
 29810 | Snake:2  | Offered knowledge of Polar Vortex by Vehumet.
 29811 | Snake:2  | Reached skill level 13 in Spellcasting
 30127 | Snake:3  | Reached skill level 15 in Air Magic
 30127 | Snake:3  | Reached XP level 17. HP: 85/146 MP: 21/34
 30762 | Snake:4  | Entered Level 4 of the Snake Pit
 30891 | Snake:4  | Reached skill level 16 in Air Magic
 31363 | Snake:4  | Noticed Donald
 31370 | Snake:4  | Killed Donald
 32125 | Snake:4  | Reached skill level 17 in Air Magic
 32402 | Snake:4  | Reached skill level 14 in Spellcasting
 32440 | Snake:4  | Got a serpentine rune of Zot
 32774 | Snake:4  | Noticed Louise
 32789 | Snake:4  | Reached skill level 18 in Air Magic
 32793 | Snake:4  | Killed Louise
 33015 | Snake:4  | Learned a level 8 spell: Maxwell's Capacitive Coupling
 34289 | Swamp:1  | Entered Level 1 of the Swamp
 34890 | Swamp:1  | Identified the -2 helmet of Kyemeel {Rampage Regen+ MP-9}
 35126 | Swamp:2  | Identified +0 swamp dragon scales
 35184 | Swamp:2  | Reached XP level 18. HP: 134/154 MP: 21/36
 35246 | Swamp:2  | Noticed a tentacled monstrosity
 35265 | Swamp:2  | Killed a tentacled monstrosity
 35494 | Swamp:2  | Identified +0 swamp dragon scales
 35931 | Swamp:2  | Identified +0 swamp dragon scales
 35999 | Swamp:2  | Reached skill level 19 in Air Magic
 36780 | Swamp:3  | Noticed Mlioglotl
 36849 | Swamp:3  | Reached skill level 12 in Conjurations
 36859 | Swamp:3  | Killed Mlioglotl
 37324 | Swamp:3  | Noticed Jorgrun
 37330 | Swamp:3  | Killed Jorgrun
 37331 | Swamp:3  | Reached skill level 2 in Shields
 37488 | Swamp:3  | Noticed a tentacled monstrosity
 37503 | Swamp:3  | HP: 15/154 [tentacled monstrosity (10)]
 37503 | Swamp:3  | HP: 7/154 [constriction (8)]
 37631 | Swamp:2  | Killed a tentacled monstrosity
 38256 | Swamp:3  | Reached skill level 3 in Shields
 38329 | Swamp:3  | Got the Grimoire of the Amassed Brume
 38393 | Swamp:4  | Entered Level 4 of the Swamp
 38562 | Swamp:4  | Reached skill level 20 in Air Magic
 38929 | Swamp:4  | Reached skill level 15 in Spellcasting
 39093 | Swamp:4  | Identified +0 swamp dragon scales
 39114 | Swamp:4  | Reached skill level 4 in Shields
 39161 | Swamp:4  | Noticed a tentacled monstrosity
 39168 | Swamp:4  | Killed a tentacled monstrosity
 39175 | Swamp:4  | Reached XP level 19. HP: 91/160 MP: 38/38
 39386 | Swamp:4  | Got a decaying rune of Zot
 40164 | Vaults:1 | Entered Level 1 of the Vaults
 40281 | Vaults:1 | Found Ostar's Distillery.
 40292 | Vaults:1 | Bought a potion of haste for 170 gold pieces
 40292 | Vaults:1 | Bought a potion of berserk rage for 85 gold pieces
 40318 | Vaults:1 | HP: 13/160 [dire elephant (7)]
 40500 | Vaults:1 | Reached skill level 5 in Shields
 40615 | Vaults:1 | Reached skill level 13 in Conjurations
 41587 | Vaults:1 | Reached skill level 16 in Spellcasting
 41589 | Vaults:1 | Reached skill level 14 in Conjurations
 41648 | Vaults:1 | Identified the ring "Jyuxtusk" {MP-9 AC+4 Str+3 Slay+2}
 41875 | Vaults:1 | Identified the ring "Gudwuaf" {Fly rF+ Int+6}
 41897 | Vaults:1 | Killed from afar by a war gargoyle

Vanquished Creatures
  3 tentacled monstrosities
  Mlioglotl (Swamp:3)
  Jorgrun (Swamp:3)
  5 thorn hunters
  2 tengu reavers (Vaults:1)
  Donald (Snake:4)
  8 nagarajas (Snake:4)
  Louise (Snake:4)
  A frost giant (Vaults:1)
  2 vault wardens (Vaults:1)
  A ghoul (Swamp:2)
  2 very ugly things (Swamp:4)
  5 ironbound preservers (Vaults:1)
  2 ironbound thunderhulks (Vaults:1)
  A deep elf demonologist (Vaults:1)
  6 eleionomae
  8 dire elephants (Vaults:1)
  A minotaur (Gauntlet)
  The ghost of ouz the Eclecticist, a journeyman DECj of Gozag (Snake:1)
  5 bunyips
  2 green deaths (Swamp:4)
  Snorg (Orc:2)
  A deep elf high priest (Vaults:1)
  2 yaktaur captains (Vaults:1)
  An ettin (Orc:2)
  2 shambling mangroves
  7 vault guards
  3 great orbs of eyes (Vaults:1)
  A fire dragon (Volcano)
  2 ice dragons (D:15)
  A catoblepas (D:15)
  19 hydras
  A spriggan air mage (Swamp:2)
  3 salamander tyrants (Snake:4)
  3 demonspawn (Orc:2)
  11 two-headed ogres
  8 centaur warriors
  2 ghost crabs
  5 ironbound frosthearts (Vaults:1)
  14 alligators
  7 anacondas
  4 ogre magi
  3 boulder beetles
  18 death yaks
  A tengu warrior (D:12)
  18 naga warriors
  A thrashing horror (Swamp:4)
  10 naga sharpshooters
  3 orc high priests (Orc:2)
  A spriggan berserker (Swamp:3)
  4 shock serpents
  Sonja (Lair:5)
  A deep elf knight (Swamp:3)
  A sun demon (Orc:2)
  13 spriggans
  A soul eater (Orc:2)
  A salamander mystic (Snake:3)
  7 goliath frogs
  A sixfirhy (Orc:2)
  4 deep trolls (Vaults:1)
  An orange crystal statue (Gauntlet)
  7 spriggan druids
  9 swamp dragons
  11 bog bodies
  A phantasmal warrior (Vaults:1)
  6 naga ritualists
  A deep elf archer (D:14)
  3 necromancers
  2 spectral wolf spiders (D:12)
  2 ironbound convokers (Vaults:1)
  3 wizards (D:14)
  7 lindwurms
  A deep elf pyromancer (D:15)
  6 orc knights
  9 orc sorcerers
  8 mana vipers
  18 ugly things
  6 cyclopes
  A manticore (D:13)
  3 will-o-the-wisps
  21 elephants
  6 salamanders
  2 guardian serpents
  An ice statue (IceCv)
  2 centaur zombies (D:12)
  7 vault sentinels (Vaults:1)
  15 naga magi
  37 black mambas
  Maurice (Orc:1)
  3 gargoyles
  17 cane toads
  An unseen horror (D:11)
  A large abomination (Swamp:4)
  8 komodo dragons
  2 yaktaurs (Vaults:1)
  A kobold demonologist (D:11)
  3 rime drakes
  A komodo dragon (shapeshifter) (D:14)
  A centaur skeleton (D:12)
  A red devil (Orc:2)
  A yaktaur (shapeshifter) (D:14)
  2 tengu conjurers
  2 freezing wraiths
  8 trolls
  An anaconda simulacrum (IceCv)
  3 polar bears (D:13)
  A wolf spider simulacrum (D:12)
  A bloated husk (Swamp:4)
  3 meliai (Lair:4)
  16 hornets
  A queen bee (Lair:4)
  18 tyrant leeches
  18 blink frogs
  41 slime creatures
  18 dream sheep
  3 spectral black mambas (D:12)
  2 meliai zombies (D:12)
  Sigmund (D:5)
  11 flying skulls (D:12)
  6 centaur simulacra
  A vampire (D:12)
  6 wyverns
  7 shadows
  47 yaks
  18 humans (D:14)
  4 basilisks
  A chaos spawn (Orc:2)
  A dire elephant simulacrum (IceCv)
  8 wraiths
  3 fire bats (Volcano)
  4 death yak simulacra (IceCv)
  3 steam dragons
  Edmund (D:4)
  19 swamp worms
  7 wargs
  A harpy simulacrum (IceCv)
  19 vampire mosquitoes
  2 hydra simulacra (IceCv)
  49 nagas
  A floating eye (Vaults:1)
  2 acid dragons
  3 hell hounds
  8 water moccasins
  4 swamp drakes
  39 orc warriors
  An ice beast (D:6)
  3 black bears
  3 boggarts (Vaults:1)
  2 black mamba simulacra (D:12)
  7 centaurs
  3 ogres
  A wolf (D:13)
  A phantom (D:5)
  A kobold brigand (D:8)
  2 small abominations (Swamp:4)
  2 necrophages
  22 bullfrogs
  A cane toad simulacrum (D:13)
  4 scorpions
  4 two-headed ogre simulacra (IceCv)
  3 gnoll sergeants
  A water moccasin zombie (D:3)
  4 wights (D:7)
  2 elephant simulacra
  32 killer bees
  6 howler monkeys
  An electric eel (Lair:5)
  37 orc priests
  A gnoll bouda (D:6)
  4 hounds
  2 jellies
  2 iguanas
  30 orc wizards
  4 hell rats (D:12)
  7 wolf simulacra
  3 yak simulacra (Lair:5)
  6 troll simulacra
  7 polar bear simulacra
  9 spriggan simulacra
  A hound zombie (D:3)
  8 naga simulacra
  5 adders
  21 gnolls
  A shadow imp (D:5)
  9 white imps
  10 ufetubi
  2 worms
  3 dart slugs (D:1)
  117 orcs
  10 ball pythons
  3 endoplasms
  A giant cockroach (D:1)
  14 goblins
  12 hobgoblins
  6 jackals
  18 kobolds
  2 quokkas
  5 bats
  3 frilled lizards (D:1)
  8 rats
  2 river rat simulacra (Lair:5)
  19 briar patches
1395 creatures vanquished.

Vanquished Creatures (collateral kills)
  Rupert (Lair:5)
1 creature vanquished.

Vanquished Creatures (others)
  A naga mage (Snake:2)
  A bloated husk (Swamp:2)
  A warg (D:12)
  A naga (Snake:4)
  A swamp worm (Swamp:1)
  A kobold brigand (D:3)
  An iguana (D:3)
  Robin (D:3)
  A gnoll (D:2)
  4 adders
  An adder zombie (D:3)
  3 ball lightnings (Snake:4)
  4 briar patches
  2 bushes (Lair:5)
  6 foxfires
  40 fungi
  110 plants
179 creatures vanquished.

Grand Total: 1575 creatures vanquished
